 Dungeon Crawl Stone Soup version 0.30-a0-782-ge64f9170bb (webtiles) character file.

Game seed: 580818990395759429

242 Bnni the Stinger (level 6, 0/36 (47) HPs)
             Began as a Formicid Venom Mage on Mar 2, 2023.
             Slain by a necrophage (6 damage)
             ... on level 3 of the Dungeon.
             The game lasted 00:05:23 (2906 turns).

Bnni the Stinger (Formicid Venom Mage)              Turns: 2906, Time: 00:05:24

HP:   0/36 (47)     AC:  2    Str: 13    XL:     6   Next: 31%
MP:   9/10          EV: 12    Int: 16    God:
Gold: 104           SH:  0    Dex: 14    Spells: 1/11 levels left

rFire   . . .      SeeInvis +    c - +0 dagger
rCold   . . .      Faith    .    (no shield)
rNeg    . . .      Spirit   .    a - +0 robe
rPois   .          Reflect  .    (helmet unavailable)
rElec   .          Harm     .    (no cloak)
rCorr   .          Rampage  .    (no gloves)
Will    +....                    (no boots)
Stlth   ++                       (no amulet)
HPRegen 0.26/turn                d - ring of willpower
MPRegen 0.12/turn                (no ring)

@: attractive, heavily drained, invisible
A: permanent stasis, dig shafts and tunnels, antennae 3, four strong arms
a: Dig, Shaft Self


You were on level 3 of the Dungeon.
You visited 1 branch of the dungeon, and saw 3 of its levels.

You collected 104 gold pieces.

Inventory:

Hand Weapons
 c - a +0 dagger (weapon)
Armour
 a - a +0 robe (worn)
 m - a +0 ring mail
Jewellery
 d - a ring of willpower (left hand)
Scrolls
 h - 2 scrolls of identify {unknown}
 k - a scroll of enchant armour {unknown}
 n - a scroll of blinking {unknown}
 o - a scroll of enchant weapon {unknown}
 p - a scroll of fear {unknown}
 q - a scroll of immolation {unknown}
Potions
 b - a potion of magic
 e - a potion of attraction
 f - a potion of curing
 g - a potion of ambrosia {unknown}
 i - a potion of invisibility
 j - a potion of brilliance {unknown}
 l - a potion of might {unknown}


   Skills:
 + Level 3.1 Fighting
 - Level 1.7 Dodging
 - Level 2.4 Stealth
 - Level 3.0 Spellcasting
 - Level 1.1 Transmutations
 * Level 7.2 Poison Magic


You had one spell level left.
You knew the following spells:

 Your Spells              Type           Power      Damage    Failure   Level
a - Sting                 Tmut/Pois      60%        1d6       3%          1
b - Poisonous Vapours     Pois/Air       26%        N/A       6%          2
c - Mephitic Cloud        Conj/Pois/Air  10%        N/A       22%         3
d - Olgreb's Toxic Radia  Pois           25%        N/A       10%         4

Your spell library contained the following spells:

 Spells                   Type           Power      Damage    Failure   Level
 Cause Fear               Hex            1%         N/A       88%         4
 Dragon Form              Tmut           2%         N/A       100%        7
 Dragon's Call            Summ           1%         N/A       100%        9


Dungeon Overview and Level Annotations

Branches:
Dungeon (3/15)

Altars:

Shops:
D:1 =


Innate Abilities, Weirdness & Mutations

You cannot be hasted, slowed, berserked, paralysed or teleported.
You can dig through walls and to a lower floor.
You have a pair of large antennae on your head. (SInv)
Your four strong arms can wield two-handed weapons with a shield.


Message History

The necrophage barely misses you.
It was a potion of attraction.
You feel attractive to monsters.
The ball python bites you but does no damage.
The ball python constricts you. The necrophage completely misses you.
You closely miss the ball python.
The ball python is severely wounded.
The ball python bites you.
* * * LOW HITPOINT WARNING * * *
The ball python constricts you.
The necrophage hits you but does no damage.
It was a potion of curing.
You feel better. The ball python bites you. The ball python constricts you.
The ball python barely misses you. The ball python constricts you.
The necrophage hits you.
You hit the ball python but do no damage.
Your punch misses the ball python.
The ball python is severely wounded.
You kill the ball python!
The necrophage hits you.
You feel drained.
* * * LOW HITPOINT WARNING * * *
You hit the necrophage but do no damage.
The necrophage is heavily damaged.
The necrophage hits you.
* * * LOW HITPOINT WARNING * * *
You feel drained.
You hit the necrophage.
The necrophage is heavily damaged.
The necrophage hits you.
* * * LOW HITPOINT WARNING * * *
You feel drained.
It was a potion of invisibility.
You fade into invisibility!
The necrophage closely misses you.
You closely miss the necrophage.
The necrophage is heavily damaged.
The necrophage misses you.
You hit the necrophage but do no damage.
The necrophage is heavily damaged.
The necrophage hits you.
You die...

#.# #... #.# #.#. #.####...
### #.#..###. #.. #.#....#.
#####.## #.##.#.#. #
#...#... #....#.#. ..#.#
#.#.#n#.### #######.#.
......#.#.#@#...#.#######.#.
.....)..)..............>..#.
......#.#)#####.#######.#.#.
..#.# ###.##....#...# #.###.
.. #....##.....# #..... #
###......<#.###.####
#...##.##.#.......
#...#...#.#.....##
#...#...#.#.....##


You could see a necrophage (unable to see you).

Vanquished Creatures
  A scorpion (D:3)
  An iguana (D:3)
  9 gnolls (D:3)
  An adder (D:2)
  3 worms (D:2)
  6 bats
  4 endoplasms
  2 giant cockroaches (D:3)
  7 goblins
  3 jackals (D:2)
  10 ball pythons
  3 frilled lizards
  A kobold (D:1)
  4 rats
55 creatures vanquished.

Vanquished Creatures (others)
  7 toadstools (D:1)
7 creatures vanquished.

Grand Total: 62 creatures vanquished

Notes
Turn   | Place    | Note
-------+----------+-------------------------------------------
     0 | D:1      | Bnni the Formicid Venom Mage began the quest for the Orb.
     0 | D:1      | Reached XP level 1. HP: 13/13 MP: 3/3
   646 | D:1      | Reached XP level 2. HP: 19/20 MP: 0/5
   797 | D:1      | Found a faded altar of an unknown god.
  1005 | D:1      | Found Gezoru's Jewellery Boutique.
  1197 | D:2      | Learned a level 2 spell: Poisonous Vapours
  1239 | D:2      | Reached skill level 1 in Fighting
  1346 | D:2      | Reached XP level 3. HP: 12/26 MP: 0/6
  1521 | D:2      | Reached skill level 5 in Poison Magic
  1781 | D:2      | Reached XP level 4. HP: 25/32 MP: 0/8
  2293 | D:3      | Learned a level 4 spell: Olgreb's Toxic Radiance
  2453 | D:3      | Reached XP level 5. HP: 38/38 MP: 0/9
  2455 | D:3      | Reached skill level 6 in Poison Magic
  2595 | D:3      | Reached skill level 7 in Poison Magic
  2595 | D:3      | Reached XP level 6. HP: 18/46 MP: 0/10
  2868 | D:3      | Learned a level 3 spell: Mephitic Cloud
  2906 | D:3      | Slain by a necrophage

Illustrated notes

Levels and vault maps discovered:
D:1:      nagdon_arrival_double_spiral, layout_loops_corners,
          dreamdust_ecumenical_altar_hidden_monk_grotto, serial_shops, shop,
          minmay_pentomino_q4
D:2:      layout_basic, nicolae_wormholes
D:3:      layout_basic, gammafunk_ghost_arena

Skill      XL: |  1  2  3  4  5  6 |
---------------+-------------------+-----
Fighting       | 1 2 3 |  3.1
Poison Magic   | 5 7 |  7.2
Spellcasting   | 3 |  3.0
Dodging        | |  1.7
Stealth        | |  2.4
Transmutations | |  1.1

Action                     |  1- 3 |  4- 6 || total
---------------------------+-------+-------++-------
  Melee: Dagger            |    37 |    48 ||    85
         Unarmed           |     1 |       ||     1
   Cast: Sting             |    55 |    26 ||    81
         Poisonous Vapours |       |     5 ||     5
         Olgreb's Toxic Ra |       |     5 ||     5
    Use: Potion            |       |     3 ||     3
 Armour: Robe              |     9 |    10 ||    19
  Dodge: Dodged            |    48 |    45 ||    93

Table legend: (Time is in decaauts)
 A = Elapsed time spent in this place.
 B = Non-inter-level travel time spent in this place.
 C = Inter-level travel time spent in this place.
 D = Time resting spent in this place.
 E = Time spent auto-exploring this place.
 F = Levels seen in this place.
 G = Mean time per level.
                   A        B        C        D        E       F      G
               +--------+--------+--------+--------+--------+-----+--------+
         Total |   2939 |   2816 |    123 |    275 |   2107 |   3 |  979.7 |
       Dungeon |   2939 |   2816 |    123 |    275 |   2107 |   3 |  979.7 |
               +--------+--------+--------+--------+--------+-----+--------+

Top non-repeatable levels by time:
     D:1: 1210 daAuts
     D:2: 923 daAuts
     D:3: 805 daAuts
